 Dungeon Crawl Stone Soup version 0.20-a0-1023-gc4d110f (webtiles) character file.

375 AlphabetPasta the Charmwright (level 6, -5/48 HPs)
             Began as a Gnoll Skald on Apr 18, 2017.
             Slain by a human zombie (6 damage)
             ... in an ossuary.
             The game lasted 00:16:14 (3524 turns).

AlphabetPasta the Charmwright (Gnoll Skald)         Turns: 3524, Time: 00:16:14

Health: -5/48      AC:  6    Str: 12    XL:     6   Next: 72%
Magic:  0/12       EV: 12    Int: 14    God:
Gold:   113        SH:  0    Dex: 13    Spells: 2/13 levels left

rFire    . . .     SeeInvis .   a - +0 hand axe
rCold    . . .     Gourm    .   (no shield)
rNeg     . . .     Faith    .   r - +0 ring mail
rPois    .         Spirit   .   o - +0 helmet
rElec    .         Reflect  .   (no cloak)
rCorr    .         Harm     .   (no gloves)
MR       .....                  (no boots)
Stlth    +.........             (no amulet)
Regen    0.2/turn               (no ring)
MPRegen  0.2/turn               (no ring)

@: infused, singing (expiring), hasted, very quick
A: short attention span, fangs 1, strong nose
a: no special abilities


You were in an ossuary.
You were not hungry.

You visited 1 branch of the dungeon, and saw 4 of its levels.
You also visited: Ossuary.

You collected 113 gold pieces.

Inventory:

Hand Weapons
 a - a +0 hand axe (weapon)
 h - a +0 morningstar
 u - a +1 hand axe of holy wrath
Armour
 b - a +0 leather armour
 m - a +0 scale mail
 o - a +0 helmet (worn)
 r - a +0 ring mail (worn)
Jewellery
 p - an uncursed ring of positive energy {unknown}
Scrolls
 f - a scroll of fear
 q - 2 scrolls of teleportation
Potions
 g - a potion of curing {unknown}
 i - a potion of brilliance {unknown}
 l - a potion of haste
 n - 3 potions of flight
 t - a potion of ambrosia {unknown}
Books
 c - a book of Battle

   Spells                             Type                      Level
   a - Infusion                       Charms                       1
   b - Shroud of Golubria             Charms/Translocation         2
   c - Song of Slaying                Charms                       2
   d - Spectral Weapon                Hexes/Charms                 3
   e - Regeneration                   Charms/Necromancy            3
Comestibles
 d - 3 bread rations
 j - 3 fruits
 k - a royal jelly
 v - a meat ration
 w - 8 chunks of flesh


   Skills:
 + Level 4.3 Fighting
 * Level 5.3 Axes
 + Level 3.8 Throwing
 + Level 3.1 Armour
 + Level 4.0 Dodging
 + Level 4.1 Spellcasting
 * Level 6.4 Charms


You had 2 spell levels left.
You knew the following spells:

 Your Spells              Type           Power        Failure   Level  Hunger
a - Infusion              Chrm           ###.         2%          1    None
b - Song of Slaying       Chrm           ###.....     4%          2    ##.....
c - Shroud of Golubria    Chrm/Tloc      ##........   16%         2    ##.....
d - Regeneration          Chrm/Necr      ##........   32%         3    ###....
e - Spectral Weapon       Hex/Chrm       ##......     32%         3    ###....


Dungeon Overview and Level Annotations

Branches:
Dungeon (4/15)
 Temple: D:4-7

Altars:
Nemelex Xobeh


Innate Abilities, Weirdness & Mutations

You have a short attention span.
You have very sharp teeth.
Your uncanny sense of smell can sniff out nearby items.


Message History

The human zombie barely misses you.
You slash the human zombie!
The human zombie is severely damaged.
You hit the human zombie. You hit the elf zombie. The human zombie hits you.
* * * LOW HITPOINT WARNING * * *
The elf zombie hits you.
* * * LOW HITPOINT WARNING * * *
The human zombie hits you.
* * * LOW HITPOINT WARNING * * *
A mummy comes into view.
You feel yourself speed up. The elf zombie hits you.
* * * LOW HITPOINT WARNING * * *
You closely miss the elf zombie. You bite the elf zombie!
The elf zombie is heavily damaged.
You hit the human zombie.
Your song is almost over.
You hit the human zombie.
The human zombie is almost destroyed.
You slash the elf zombie! The human zombie hits you.
You die...

##### ###### .....
....... ......
.......
......#####.......
..................
.......@.....M....
#......ZZ.......#
#......MZ.......##
.......M..........
..................
..................
.......∩∩.........
..................
..................


You could see 3 mummies, an elf zombie and 2 human zombies.

Vanquished Creatures
  A human zombie (Ossuary)
  2 orc priests (D:4)
  2 orc wizards
  A worker ant (D:3)
  A hound zombie (Ossuary)
  Robin (D:3)
  4 adders (D:2)
  An ooze (D:1)
  3 worms
  2 dart slugs (D:1)
  A leopard gecko (D:1)
  6 orcs
  9 bats
  7 giant cockroaches
  15 goblins
  15 hobgoblins
  10 jackals
  2 quokkas
  2 ball pythons
  5 frilled lizards
  2 gnoll zombies
  2 goblin zombies (Ossuary)
  A hobgoblin zombie (Ossuary)
  2 jackal zombies (Ossuary)
  15 kobolds
  An orc zombie (Ossuary)
  8 rats
  A rat zombie (D:4)
122 creatures vanquished.

Notes
Turn   | Place    | Note
-------+----------+-------------------------------------------
     0 | D:1      | AlphabetPasta the Gnoll Skald began the quest for the Orb.
     0 | D:1      | Reached XP level 1. HP: 18/18 MP: 4/4
   134 | D:1      | Reached XP level 2. HP: 20/24 MP: 0/6
   138 | D:1      | Learned a level 2 spell: Song of Slaying
   141 | D:1      | Learned a level 2 spell: Shroud of Golubria
   209 | D:1      | Reached skill level 1 in Throwing
   295 | D:1      | Reached XP level 3. HP: 23/29 MP: 0/7
  1132 | D:2      | Reached skill level 5 in Charms
  1132 | D:2      | Reached XP level 4. HP: 31/36 MP: 2/9
  1137 | D:2      | Learned a level 3 spell: Regeneration
  1824 | D:2      | Reached XP level 5. HP: 42/42 MP: 6/10
  1936 | D:3      | Noticed Robin
  2089 | D:3      | Killed Robin
  2454 | D:3      | Found a sparkling altar of Nemelex Xobeh.
  2544 | D:3      | Learned a level 3 spell: Spectral Weapon
  2911 | D:3      | Reached skill level 5 in Axes
  2911 | D:3      | Reached XP level 6. HP: 45/48 MP: 5/11
  3327 | D:4      | Reached skill level 6 in Charms
  3405 | D:4      | Found a sand-covered staircase.
  3499 | Ossuary  | Entered an ossuary
  3521 | Ossuary  | HP: 1/48 [elf zombie (4)]
  3524 | Ossuary  | Slain by a human zombie

Vault maps used:
D:1:      minmay_arrival_split_and_join, serial_bayou_ford_a,
          minmay_tetromino_l4
D:3:      nemelex_xobeh_ov_fountains_minmay, first_bread, uniq_robin
D:4:      enter_ossuary_3
Ossuary:  ossuary_minmay_tomb_2a

Skill      XL: |  1  2  3  4  5  6 |
---------------+-------------------+-----
Throwing       | 1 2 3 |  3.8
Armour         | 2 3 |  3.1
Charms         | 5 6 |  6.4
Axes           | 4 5 |  5.3
Fighting       | 4 |  4.3
Dodging        | 4 |  4.0
Spellcasting   | 4 |  4.1

Action                   |  1- 3 |  4- 6 || total
-------------------------+-------+-------++-------
Melee: Hand axe          |    97 |   233 ||   330
       Bite              |     5 |    23 ||    28
 Cast: Infusion          |    11 |    19 ||    30
       Song of Slaying   |       |     2 ||     2
       Shroud of Golubri |       |     1 ||     1
       Regeneration      |       |     1 ||     1
  Use: Scroll            |     1 |     7 ||     8
       Potion            |       |     1 ||     1
  Eat: Chunk             |     1 |     8 ||     9
Armor: Leather armour    |    18 |    29 ||    47
       Ring mail         |       |    42 ||    42
Dodge: Dodged            |    51 |   181 ||   232
